 Dungeon Crawl Stone Soup version 0.29-a0-1065-g47a6bb87d6 (webtiles) character file.

Game seed: 12729739537379257215

26 Spectrina the Magician (level 3, -2/26 HPs)
             Began as a Djinni Venom Mage on Aug 18, 2022.
             Killed from afar by a dart slug (6 damage)
             ... with a slug dart
             ... on level 1 of the Dungeon.
             The game lasted 00:06:09 (465 turns).

Spectrina the Magician (Djinni Venom Mage)           Turns: 465, Time: 00:06:10

Health: -2/26      AC:  9    Str:  7    XL:     3   Next: 22%
Gold:   44         EV: 12    Int: 18    God:
                   SH:  0    Dex: 13

rFire   + + .      SeeInvis .   b - +0 short sword (protect)
rCold   x . .      Faith    .   (no shield)
rNeg    . . .      Spirit   .   a - +0 robe
rPois   ∞          Reflect  .   (no helmet)
rElec   .          Harm     .   (no cloak)
rCorr   .          Rampage  .   (no gloves)
Will    .....                   (boots unavailable)
Stlth   ++........              (no amulet)
HPRegen 0.08/turn               (no ring)
MPRegen 0.00/turn               (no ring)

@: under a protective aura, flying
A: sickness immunity, fire resistance 2, cold vulnerability 1, float, innate
caster, HP casting, extra vitality 1
a: no special abilities


You were on level 1 of the Dungeon.
You visited 1 branch of the dungeon, and saw 2 of its levels.

You collected 44 gold pieces.

Inventory:

Hand Weapons
 b - a +0 short sword of protection (weapon)
Armour
 a - a +0 robe (worn)
Scrolls
 d - a scroll of fear {unknown}
 e - a scroll of summoning {unknown}
 f - a scroll of blinking {unknown}
Potions
 c - a potion of curing {unknown}
 g - a potion of mutation {unknown}


   Skills:
 + Level 0.7 Fighting
 + Level 2.5 Dodging
 + Level 1.9 Stealth
 * Level 2.7 Spellcasting
 + Level 0.8 Invocations


You couldn't memorise any spells.
You knew the following spells:

 Your Spells              Type           Power      Damage    Failure   Level
a - Sting                 Tmut/Pois      48%        1d5       5%          1
f - Necrotise             Necr           48%        1d6       5%          1
l - Mephitic Cloud        Conj/Pois/Air  12%        N/A       16%         3
q - Poisonous Vapours     Pois/Air       24%        N/A       9%          2
w - Olgreb's Toxic Radia  Pois           12%        N/A       47%         4
Your spell library was empty.

Dungeon Overview and Level Annotations

Branches:
Dungeon (2/15)

Altars:

Shops:
D:2 [


Innate Abilities, Weirdness & Mutations

You are immune to sickness and miasma.
You are immune to poison.
Your flesh is very heat resistant. (rF++)
You are vulnerable to cold. (rC-)
You float through the air rather than walking.
You learn spells naturally, not from books.
Your magical power is your life essence.
You have superior vitality. (+4 MHP)


Message History

Unknown command.
You don't have enough health to cast this spell.
Your rat skeleton bites the ball python.
The ball python dies!
You swap places.
f - a scroll labelled FEUKIOZ HEZYO You swap places.
Your magical contamination has completely faded away.
Found 3 stones.
You see here 5 stones.
g - a smoky emerald potion You reach down and open the door.
A goblin comes into view. It is wielding a +0 dagger.
Unknown command.
Aiming: Necrotise (safe; 5% risk of failure)
Press: ? - help, Q - select action, (/) - cycle Shift-Dir - straight line, f - goblin
Aim: a goblin, wielding a +0 dagger (chance to affect: 81%)
The goblin writhes in agony.
* * * LOW HITPOINT WARNING * * *
Unknown command.
Aiming: Necrotise (safe; 5% risk of failure)
Press: ? - help, Q - select action, (/) - cycle Shift-Dir - straight line, f/p - goblin
Aim: a goblin, wielding a +0 dagger (severely wounded, chance to affect: 81%)
The goblin writhes in agony.
You kill the goblin!
* * * LOW HITPOINT WARNING * * *
The dead are walking!
You see here a +0 dagger.
You reach down and open the door.
Found a sling and a potion of flight.
There is an open door here.
A dart slug comes into view.
You see here a +0 sling.
The helpless dart slug fails to defend itself.
You puncture the dart slug!
Your weapon exudes an aura of protection.
The dart slug is severely wounded.
The dart slug launches a dart at you. The slug dart hits you.
You die...

#####+### ######
#.......# #.......#######
###.......'.....#
#......)..#.....#
#...Z.....#.....#
#.........#.....#
#....#....#)....#
#w@..#....#.....#
############....#.....#
#.........##...!#.....###
#.........#########+#...#
#.........# #.'...#
#..[......###########...#
#............#....##....#
#............# #.......#
.. #.....^......#
#.......#


You could see a dart slug (ally target) and a friendly goblin skeleton.

Vanquished Creatures
  2 dart slugs (D:1)
  2 endoplasms
  2 goblins (D:1)
  3 hobgoblins (D:1)
  2 jackals (D:2)
  2 kobolds (D:1)
  A ball python (D:1)
  3 bats (D:1)
  3 rats (D:1)
20 creatures vanquished.

Vanquished Creatures (collateral kills)
  A ball python (D:1)
1 creature vanquished.

Grand Total: 21 creatures vanquished

Notes
Turn   | Place    | Note
-------+----------+-------------------------------------------
     0 | D:1      | Spectrina the Djinni Venom Mage began the quest for the
                  | Orb.
     0 | D:1      | Spectrina set off with the following spells memorised:
                  | Sting, Poisonous Vapours, Mephitic Cloud, Olgreb's Toxic
                  | Radiance.
     0 | D:1      | Reached XP level 1. HP: 15/15 MP: 0/0
    97 | D:1      | Reached XP level 2. HP: 6/21 MP: 0/0
   111 | D:2      | Found Xekkuam's Antique Armour Shop.
   304 | D:1      | Reached XP level 3. HP: 1/26 MP: 0/0
   304 | D:1      | Learned a level 1 spell: Necrotise
   465 | D:1      | Killed from afar by a dart slug

Illustrated notes

Levels and vault maps discovered:
D:1:      kilobyte_arrival_exit_the_forest, layout_basic, minivault_27
D:2:      layout_rooms, dreamdust_ecumenical_altar_grove, serial_shops,
          nicolae_shop_crystal, shop, shop, chequers_serial_rivers_room_a

Action                   || total
-------------------------++-------
Melee: Unarmed           ||     3
       Short sword       ||    19
 Cast: Sting             ||    25
       Necrotise         ||     8
  Use: Potion            ||     1
 Stab: Sleeping          ||     2
Armor: Robe              ||    11
Dodge: Dodged            ||    24

Table legend: (Time is in decaauts)
 A = Elapsed time spent in this place.
 B = Non-inter-level travel time spent in this place.
 C = Inter-level travel time spent in this place.
 D = Time resting spent in this place.
 E = Time spent auto-exploring this place.
 F = Levels seen in this place.
 G = Mean time per level.
                   A        B        C        D        E       F      G
               +--------+--------+--------+--------+--------+-----+--------+
         Total |    465 |    465 |      0 |      0 |      0 |   2 |  232.5 |
       Dungeon |    465 |    465 |      0 |      0 |      0 |   2 |  232.5 |
               +--------+--------+--------+--------+--------+-----+--------+

Top non-repeatable levels by time:
     D:1: 432 daAuts
     D:2: 33 daAuts
